 Dungeon Crawl Stone Soup version 0.28.0-43-g3370ac3207 (webtiles) character file.

Game seed: 7459949338649808497

190 Peloso the Covered (level 5, -5/47 HPs)
             Began as a Minotaur Fighter on Mar 28, 2022.
             Slain by Grinder (6 damage)
             ... on level 4 of the Dungeon.
             The game lasted 00:04:23 (3528 turns).

Peloso the Covered (Minotaur Fighter)               Turns: 3528, Time: 00:04:24

Health: -5/47      AC: 12    Str: 21    XL:     5   Next: 41%
Magic:  4/4        EV:  8    Int:  5    God:
Gold:   151        SH:  4    Dex: 11    Spells: 4/4 levels left

rFire   . . .      SeeInvis .   a - +0 long sword
rCold   . . .      Faith    .   c - +0 buckler
rNeg    . . .      Spirit   .   m - +0 chain mail
rPois   .          Reflect  .   (helmet restricted)
rElec   .          Harm     .   p - +0 cloak
rCorr   .          Rampage  .   e - +0 pair of gloves
Will    .....                   (no boots)
Stlth   ..........              (no amulet)
HPRegen 0.15/turn               (no ring)
MPRegen 0.09/turn               (no ring)

@: no status effects
A: horns 2, retaliatory headbutt
a: no special abilities


You were on level 4 of the Dungeon.
You visited 1 branch of the dungeon, and saw 4 of its levels.

You collected 151 gold pieces.

Inventory:

Hand Weapons
 a - a +0 long sword (weapon)
Armour
 b - a +0 scale mail
 c - a +0 buckler (worn)
 e - a +0 pair of gloves (worn)
 m - a +0 chain mail (worn)
 p - a +0 cloak (worn)
Scrolls
 f - 2 scrolls of vulnerability {unknown}
 i - a scroll of amnesia {unknown}
 j - 2 scrolls of fog {unknown}
 k - 3 scrolls of identify {unknown}
 o - a scroll of enchant weapon {unknown}
 r - a scroll of noise {unknown}
Potions
 d - a potion of might
 h - a potion of mutation {unknown}
 l - 2 potions of brilliance {unknown}
 n - 4 potions of heal wounds {unknown}


   Skills:
 + Level 4.5 Fighting
 + Level 4.1 Long Blades
 + Level 4.9 Armour
 + Level 1.6 Dodging
 + Level 0.2 Stealth
 + Level 4.3 Shields


You had 4 spell levels left.
You didn't know any spells.
Your spell library was empty.

Dungeon Overview and Level Annotations

Branches:
Dungeon (4/15)
 Temple: D:4-7

Altars:

Shops:
D:1 **

Annotations:
D:4 Grinder


Innate Abilities, Weirdness & Mutations

You have a pair of horns on your head.
You reflexively headbutt those who attack you in melee.


Message History

Grinder is heavily wounded.
Grinder barely misses you. You furiously retaliate!
You headbutt Grinder!
Unknown command.
You closely miss Grinder.
Grinder is severely wounded.
Grinder barely misses you.
Unknown command.
You feel better. Grinder hits you.
* * * LOW HITPOINT WARNING * * *
You writhe in agony.
* * * LOW HITPOINT WARNING * * *
Unknown command.
You slash Grinder!
Grinder is almost dead.
You block Grinder's attack.
Unknown command.
You closely miss Grinder. You headbutt Grinder, but do no damage.
Grinder is almost dead.
You block Grinder's attack. Grinder hits you but does no damage.
Unknown command.
You closely miss Grinder.
Grinder is almost dead.
Grinder is no longer covered in acid.
Grinder hits you but does no damage.
You closely miss Grinder.
Grinder is almost dead.
Grinder hits you but does no damage.
You hit Grinder.
Grinder is almost dead.
Grinder hits you.
* * * LOW HITPOINT WARNING * * *
You writhe in agony.
* * * LOW HITPOINT WARNING * * *
You closely miss Grinder.
Grinder is almost dead.
Grinder hits you but does no damage. Grinder hits you.
* * * LOW HITPOINT WARNING * * *
You hit Grinder but do no damage. Your headbutt misses Grinder.
Grinder is almost dead.
Grinder hits you.
You die...

## # ### .# . #.. .#
.##.#### #.##.###.#
.##.##.( ##.#....#.#
.##.##.#### .....#.#.#
.##.##.#..# # #.5#.#.#
.##.##.)..#.# #.@.†..#
........)##.####.#.#....#
..................>#.#..#
..).......#.######.#.#
....
######.............#.#
.#.
##...#...###.#.....#.# #
.+.................#.#
##...#......(#.#.....#
##...#..######.#.#..##


You could see Grinder.

Vanquished Creatures
  An orc priest (D:3)
  Crazy Yiuf (D:3)
  An orc wizard (D:3)
  5 adders
  A worm (D:2)
  A dart slug (D:2)
  3 orcs (D:3)
  5 endoplasms
  2 giant cockroaches (D:2)
  4 goblins
  5 hobgoblins
  4 quokkas
  5 ball pythons
  2 bats (D:1)
  2 frilled lizards
  5 kobolds
  9 rats
56 creatures vanquished.

Notes
Turn   | Place    | Note
-------+----------+-------------------------------------------
     0 | D:1      | Peloso the Minotaur Fighter began the quest for the Orb.
     0 | D:1      | Reached XP level 1. HP: 19/19 MP: 0/0
    81 | D:1      | Found Uhasiss's General Store.
   291 | D:1      | Found Ysowis's Assorted Antiques.
   380 | D:1      | Reached XP level 2. HP: 20/27 MP: 1/1
   508 | D:1      | Found a faded altar of an unknown god.
  1054 | D:2      | Reached XP level 3. HP: 22/33 MP: 2/2
  1979 | D:3      | Reached XP level 4. HP: 40/40 MP: 3/3
  2130 | D:3      | Reached skill level 1 in Dodging
  2268 | D:3      | Reached XP level 5. HP: 31/47 MP: 4/4
  2607 | D:3      | Found a runed translucent door.
  2608 | D:3      | Noticed Crazy Yiuf
  3155 | D:3      | Killed Crazy Yiuf
  3484 | D:4      | Noticed Grinder
  3496 | D:4      | Paralysed by Grinder for 5 turns
  3506 | D:4      | Paralysed by Grinder for 7 turns
  3527 | D:4      | HP: 1/47 [Grinder (3)]
  3528 | D:4      | Slain by Grinder

Illustrated notes

Levels and vault maps discovered:
D:1:      saegor_arrival_simple_b, layout_basic,
          hellmonk_ecumenical_altar_blasted, serial_shops, nicolae_shop_crystal,
          nicolae_shop_trees
D:2:      layout_basic
D:3:      cheibrodos_pilgrimage, layout_loops_corners, minmay_misc_feat_columns,
          uniq_crazy_yiuf_cottage
D:4:      layout_basic, minmay_temple_entry_overgrown, guppyfry_early_lair_pool,
          uniq_grinder, uniq_ijyb, uniq_robin

Skill      XL: |  1  2  3  4  5 |
---------------+----------------+-----
Armour         | 4 |  4.9
Fighting       | 4 |  4.5
Shields        | 4 |  4.3
Long Blades    | 3 4 |  4.1
Dodging        | 1 |  1.6
Stealth        | |  0.2

Action                   |  1- 3 |  4- 6 || total
-------------------------+-------+-------++-------
Melee: Long sword        |    89 |    74 ||   163
       Headbutt          |     9 |    12 ||    21
Evoke: Wand              |       |     4 ||     4
  Use: Potion            |       |     3 ||     3
Armor: Scale mail        |    59 |       ||    59
       Chain mail        |       |    39 ||    39
Dodge: Dodged            |    46 |    19 ||    65
Block: Buckler           |    17 |    13 ||    30
